[Event "Open Cappelle-la-Grande"]
[Date "2025.02.21"]
[White "Duboue, Peio"]
[Black "Liu, Casper"]
[WhiteElo "2440"]
[BlackElo "2271"]
[Round "9.9.11"]
[Result "1-0"]
[TimeControl "40/5400+30:1800+30"]

1. d4 Nf6 2. g3 d5 3. Nf3 c5 4. Bg2 cxd4 5. O-O h6 6. b3 Nc6 7. Nxd4 e5 8. Nxc6 bxc6 9. c4 Be6 10. Bb2 Bd6 11. Nc3 e4 12. cxd5 cxd5 13. Nb5 Be7 14. Rc1 O-O 15. Nc7 Rc8 16. Nxe6 fxe6 17. Bh3 Qb6 18. e3 Kf7 19. Qe2 a5 20. Rc2 Rxc2 21. Qxc2 Qc5 22. Qe2 Ra8 23. Rc1 Qb6 24. Qc2 Ne8 25. Bd4 Qb5 26. Qd1 Qd7 27. Qh5+ Kf8 28. Qe2 a4 29. Qc2 axb3 30. axb3 Bf6 31. Bxf6 Nxf6 32. Qc5+ Qe7 33. Qb6 Ra7 34. Bxe6 Rb7 35. Rc8+ Ne8 36. Qc6 Rc7 37. Rxc7 Nxc7 38. Bxd5 Nxd5 39. Qa8+ Qe8 40. Qxd5 Qb8 41. Qc5+ Kg8 42. b4 Kh8 43. Qc4 Qb7 44. b5 Qd7 45. Qb3 Qd2 46. b6 Qe1+ 47. Kg2 Qe2 48. b7 1-0

[Variant "Standard"]
[Site "Europe Echecs"]

[Event "Open Cappelle-la-Grande"]
[Date "2025.02.21"]
[White "Belkaid, Sohan"]
[Black "Bournel, Antoine"]
[WhiteElo "2370"]
[BlackElo "2432"]
[Round "9.9.13"]
[Result "1-0"]
[TimeControl "40/5400+30:1800+30"]

1. e4 e5 2. Nf3 Nc6 3. Bc4 Bc5 4. d3 Nf6 5. a4 d6 6. O-O a6 7. a5 h6 8. c3 Ba7 9. Qb3 O-O 10. Be3 Bxe3 11. fxe3 Nb8 12. Nbd2 Nbd7 13. d4 g6 14. h3 Kg7 15. Rf2 c6 16. Qa2 Nh7 17. Raf1 f6 18. Qa3 Qc7 19. Ba2 b5 20. axb6 Nxb6 21. Qa5 Ra7 22. dxe5 dxe5 23. Nxe5 Qxe5 24. Qxb6 Re7 25. Qxc6 Ng5 26. h4 Nxe4 27. Nxe4 Qxe4 28. Rxf6 Qxe3+ 29. Kh1 Bb7 30. Rxg6+ Kh7 31. Rxh6+ Qxh6 32. Qxh6+ Kxh6 33. Rxf8 Re2 34.
Rh8+ Kg6 35. Rg8+ Kh5 36. Bf7+ Kxh4 37.
b4 Re7 38. Rg7 Re2 39. c4 Rb2 40. Kh2 Be4 41. Be8 Bd3 42. c5 Bb5 43. Bxb5 axb5 44. Rg8 Kh5 45. c6 Rc2 46. Rc8 Kg6 47. c7 Kh7 48. Kh3 Rc4 49. g4 Kg7 50. Kh4 Rc6 51. Kg5 Kh7 52. Kf5 Kg7 53. Ke5 Kh7 54. Kd5 Rc1 55. Kd6 Kg7 56. Rd8 Rd1+ 57. Kc6 Rc1+ 58. Kb7 1-0

[Variant "Standard"]
[Site "Europe Echecs"]

[Event "Open Cappelle-la-Grande"]
[Date "2025.02.21"]
[White "Froeyman, Helmut"]
[Black "Laurent-Paoli, Pierre"]
[WhiteElo "2274"]
[BlackElo "2565"]
[Round "9.9.14"]
[Result "1/2-1/2"]
[TimeControl "40/5400+30:1800+30"]

1. e4 c5 2. Nf3 Nc6 3. d4 cxd4 4. Nxd4 Nf6 5. Nc3 e5 6. Ndb5 d6 7. Bg5 a6 8. Na3 b5 9. Bxf6 gxf6 10. Nd5 f5 11. Bd3 Be6 12. O-O Bxd5 13. exd5 Ne7 14. c3 Bg7 15. Nc2 e4 16. Be2 O-O 17. Qd2 Qd7 18. Rad1 Ng6 19. f4 exf3 20. gxf3 Rae8 21. f4 Bh6 22. Bd3 Kh8 23. Kh1 Re5 24. Ne1 Rxd5 25. Ng2 Qc6 26. Qf2 Nxf4 27. Qf3 Nxd3 28. Rxd3 Rc5 29. Qxc6 Rxc6 30. Nh4 Bg7 31. Nxf5 Be5 32. Rfd1 Rd8 33. R3d2 Rb6 34. Rd5 f6 35. R5d2 a5 36. Rg2 Rg8 37. Rgd2 b4 38. cxb4 Rxb4 39. b3 Bf4 40. Re2 Rd8 41. Nd4 Rc8 42. Nf5 Rd8 43. Nd4 Ra8 44. Nf5 a4 45. Nxd6 axb3 46. axb3 Rxb3 47. Nf5 Rb5 48. Ng3 Rg8 49. Rf1 Be5 50. Kg2 Rg4 51. Kh3 Rbb4 52. Rf5 Kg7 53. Rf3 Kg6 54. Rfe3 Rg5 55. Re4 Rb8 56. Rg4 h6 57. Re3 Rb2 58. Ra4 h5 59. Rae4 Rb8 60. Re2 Kh6 61. R2e3 Ra8 62. Rc4 Rag8 63. Ra4 Rg4 64. Ra6 R8g6 65. Rf3 h4 66. Nf5+ Kg5 67. Ne3 Rb4 68. Ra2 Kh5 69. Ra8 Bb8 70. Ra5+ Rg5 71. Ra2 Be5 72. Rd2 Rb3 73. Rdf2 Bd4 74. Nc2 Rxf3+ 75. Rxf3 Be5 76. Ne3 Rg1 77. Rf1 Rxf1 78. Nxf1 Bf4 79. Kg2 Kg4 80. h3+ Kg5 81. Kf2 Kg6 82. Ke2 f5 83. Kf3 Kg5 84. Kf2 Kf6 85. Ke2 Ke6 86. Kf2 Kd5 87. Kf3 Ke5 88. Kf2 Ke4 89. Ke2 Kd5 90. Kf3 Ke5 91. Kf2 Ke4 92. Ke2 Bg3 93. Nd2+ Kf4 94. Nf3 Ke4 95. Nd2+ Kd4 96. Nf3+ Ke4 97. Nd2+ Ke5 98. Kf3 Be1 99. Nc4+ Ke6 100. Ne3 Bd2 101. Nxf5 Kxf5 102. Kg2 Kf4 103.
Kh1 Be3 104. Kg2 Bd4 105. Kh1 Kf3 106. Kh2 Be5+ 107. Kh1 Kg3 108. Kg1 Kxh3 109. Kh1 Bh2 1/2-1/2

[Variant "Standard"]
[Site "Europe Echecs"]

[Event "Open Cappelle-la-Grande"]
[Date "2025.02.21"]
[White "Nottola, Adrien"]
[Black "Degraeve, Jean-Marc"]
[WhiteElo "2253"]
[BlackElo "2482"]
[Round "9.9.15"]
[Result "1/2-1/2"]
[TimeControl "40/5400+30:1800+30"]

1. e4 e5 2. Nf3 Nc6 3. Bb5 Bc5 4. c3 f5 5. d4 fxe4 6. Nfd2 Be7 7. d5 e3 8. fxe3 Nb8 9. Qh5+ g6 10. Qxe5 Nf6 11. O-O O-O 12. Bd3 d6 13. Qg3 Nbd7 14. Nf3 Kg7 15. c4 Nc5 16. Bc2 Nfe4 17. Qe1 Bf6 18. Nd4 a5 19. Nc3 Nxc3 20. Qxc3 Bd7 21. b3 Qe7 22. Bb2 Be5 23. Qd2 Kg8 24. Bc3 b6 25. Nf3 Bxc3 26. Qxc3 Rae8 27. e4 Nxe4 28. Bxe4 Qxe4 29. Rae1 Qf4 30. Ne5 Qxf1+ 31. Rxf1 Rxf1+ 32. Kxf1 Rxe5 33. Qg3 Bf5 34.
Qh4 Re8 35. Kg1 Bb1 36. Qf2 Rf8 37. Qb2 Bf5 38. h3 h5 39. Qd2 Kf7 40. Qh6 Kg8 41. Qe3 Kf7 42. Kf2 Re8 43. Qh6 1/2-1/2

[Variant "Standard"]
[Site "Europe Echecs"]

[Event "Open Cappelle-la-Grande"]
[Date "2025.02.21"]
[White "Suleymenov, Alisher"]
[Black "Meillon, Judicael"]
[WhiteElo "2481"]
[BlackElo "2321"]
[Round "9.9.16"]
[Result "1-0"]
[TimeControl "40/5400+30:1800+30"]

1. d4 d5 2. c4 c6 3. Nc3 Nf6 4. Nf3 dxc4 5. a4 e6 6. e3 c5 7. Bxc4 Nc6 8. O-O cxd4 9. exd4 Be7 10. Qe2 O-O 11. Rd1 Nb4 12. Bg5 Bd7 13. d5 Nbxd5 14. Nxd5 exd5 15. Bxd5 Nxd5 16. Rxd5 Bxg5 17. Nxg5 h6 18. Qd2 hxg5 19. Rxd7 Qf6 20. Rd1 Rac8 21. h3 b6 22. b4 a5 23. bxa5 bxa5 24. Qxa5 Rc2 25. R7d2 Rxd2 26. Qxd2 Ra8 27. Qb4 Qe5 28. Qb5 Qf6 29. a5 Qc3 30. a6 Qa3 31. Qb7 Rxa6 32. Qc8+ Kh7 33. Qf5+ Kh6 34. Qxf7 Rf6 35. Qe8 Qc5 36. Qe2 Kg6 37. Rf1 Qc6 38. Qd3+ Kh6 39. Rd1 Qc5 40. Qg3 Qb4 41. Qe3 Qb6 42. Qd2 Kg6 43. Qc2+ Kh6 44. Rd3 Rc6 45. Qd2 Qc7 46. Rg3 Qf4 47. Qxf4 gxf4 48. Rg4 f3 49. gxf3 Ra6 50. f4 Rb6 51. Kg2 Rb3 52. Rg5 Ra3 53. Rg3 Ra4 54. Rg4 Ra5 55. h4 Ra4 56. Kg3 Ra3+ 57. f3 Ra1 58. f5 Kh5 59. Rg5+ Kh6 60. Rg6+ Kh7 61. Kg4 Rg1+ 62. Kh5 Rf1 63. Rg3 Rf2 64. Kg5 Ra2 65. f4 Ra5 66. Re3 Ra6 67. h5 Ra5 68. Re7 Ra6 69. Re6 Ra5 70. Rb6 Rc5 71. Rd6 Ra5 72. Rd7 Ra6 73. Kg4 Kh6 74. Re7 Kh7 75. Re6 Ra1 76. f6 gxf6 77. Rxf6 Kg7 78. Rg6+ Kf7 79. Rb6 Kg7 80. Rb3 Kh6 81. Rb6+ Kg7 82. Re6 Kf7 83. Kf5 Ra5+ 84. Re5 Ra6 85. Rb5 Kg7 86. Kg5 Ra7 87. f5 Rc7 88. Rb6 Ra7 89. Re6 Rb7 90. Re5 Kf7 91. f6 Rb1 92. Re7+ Kg8 93. h6 Rg1+ 94. Kf5 Rf1+ 95. Ke6 Kf8 96. Rf7+ Kg8 97. Rg7+ Kh8 98. Rg5 Ra1 99. f7 Ra6+ 100. Kd5 Ra5+ 101. Kc6 Rxg5 102. f8=Q+ Kh7 103.
Kd6 Rg1 104. Ke5 Re1+ 105. Kd4 Rd1+ 106. Ke3 Rg1 107. Qf4 Rg6 108. Ke4 Re6+ 109. Kf5 Ra6 110. Qc7+ Kxh6 111. Qh2+ Kg7 112. Qb2+ 1-0

[Variant "Standard"]
[Site "Europe Echecs"]

[Event "Open Cappelle-la-Grande"]
[Date "2025.02.21"]
[White "Ringuet, Noe"]
[Black "Flom, Gabriel"]
[WhiteElo "2239"]
[BlackElo "2455"]
[Round "9.9.17"]
[Result "1-0"]
[TimeControl "40/5400+30:1800+30"]

1. d4 Nf6 2. Bf4 d5 3. e3 e6 4. Nd2 c5 5. c3 Nc6 6. Ngf3 Be7 7. h3 Bd6 8. dxc5 Bxc5 9. Bd3 Qe7 10. e4 dxe4 11. Nxe4 Nxe4 12. Bxe4 e5 13. Bg3 O-O 14. Qe2 f6 15. O-O Be6 16. Kh1 Qf7 17. Rfd1 Rfd8 18. b4 Bf8 19. b5 Na5 20. Bxe5 fxe5 21. Ng5 Qe8 22. Bxh7+ Kh8 23. Rxd8 Rxd8 24. Qe4 Bf7 25. Bf5 Bh5 26. Be6 g6 27. Nf7+ Kh7 28. Ng5+ Kh6 29. Nf7+ Kh7 30. Nxd8 Qxd8 31. g4 Qh4 32. Qf3 e4 33. Qf7+ Bg7 34. gxh5 Qxh5 35. Rg1 Nc4 36. Rxg6 Qd1+ 37. Rg1 1-0